 Dungeon Crawl Stone Soup version 0.24.0-13-gcf9b3192b9 (webtiles) character file.

Game seed: 3275952930858957109, levelgen mode: deterministic

104587 Esekla the Eclecticist (level 16, -24/82 HPs)
             Began as a Vine Stalker Venom Mage on Nov 8, 2019.
             Was the Champion of Vehumet.
             Hit by a large rock thrown by a stone giant (33 damage)
             ... on level 12 of the Dungeon on Nov 9, 2019.
             The game lasted 07:51:26 (27501 turns).

Esekla the Eclecticist (Vine Stalker Venom Mage)   Turns: 27501, Time: 07:51:26

Health: -24/82     AC: 27    Str: 15    XL:     16   Next: 39%
Magic:  0/45       EV: 17    Int: 22    God:    Vehumet [******]
Gold:   812        SH:  0    Dex: 19    Spells: 5/45 levels left

rFire    . . .     SeeInvis +   v - +4 hand axe of the Moon {vamp, Str+3 Int+3 Stlth+}
rCold    . . .     Gourm    .   (no shield)
rNeg     + . .     Faith    .   R - +2 troll leather armour
rPois    +         Spirit   +   n - +1 helmet
rElec    .         Reflect  .   D - +0 cloak
rCorr    .         Harm     .   s - +0 pair of gloves
MR       ++...     Clarity  +   A - +1 pair of boots
Stlth    ++........             N - amulet of magic regeneration
HPRegen  1.43/turn              K - +4 ring of protection
MPRegen  0.54/turn              f - ring of Dishonour {rPois rN+ MP+9 SInv}

@: confused, icy armour, very slightly contaminated
A: fangs 3, hooves 1, rugged brown scales 1, agile 1, clarity, regeneration 2,
magic shield, antimagic bite, no potion heal 3, rot immunity
a: Renounce Religion


You were on level 12 of the Dungeon.
You worshipped Vehumet.
Vehumet was exalted by your worship.
You were hungry.

You visited 7 branches of the dungeon, and saw 25 of its levels.
You also visited: Sewer, Bailey and Gauntlet.

You collected 2584 gold pieces.
You spent 1772 gold pieces at shops.

Inventory:

Hand Weapons
 h - a +6 falchion of holy wrath
 p - a +3 spear of piercing
 r - the +10 rapier of Cata Eke {venom, rElec rPois Int+5 Dex-2}
   (You found it in a Gauntlet)

   It poisons the flesh of those it strikes.
   It affects your intelligence (+5).
   It affects your dexterity (-2).
   It insulates you from electricity.
   It protects you from poison.
 v - the +4 hand axe of the Moon (weapon) {vamp, Str+3 Int+3 Stlth+}
   (You found it on level 11 of the Dungeon)

   It inflicts no extra harm, but heals its wielder when it wounds a living foe.
   It affects your strength (+3).
   It affects your intelligence (+3).
   It makes you more stealthy.
 F - a +4 long sword
Missiles
 j - 73 poisoned darts (quivered)
 t - 47 boomerangs
 C - 10 silver javelins
 J - 9 curare-tipped darts
Armour
 g - a +2 leather armour of cold resistance
 n - a +1 helmet (worn)
 s - a +0 pair of gloves (worn)
 A - a +1 pair of boots (worn)
 D - a +0 cloak (worn)
 R - a +2 troll leather armour (worn)
 V - a +2 robe of magic resistance
 Y - a +2 leather armour of fire resistance
Jewellery
 d - an uncursed ring of fire
 f - the ring of Dishonour (right hand) {rPois rN+ MP+9 SInv}
   (You bought it in a shop on level 2 of the Orcish Mines)

   [ring of poison resistance]

   It protects you from poison.
   It protects you from negative energy.
   It affects your magic capacity (+9).
   It lets you see invisible.
 l - an uncursed ring of positive energy
 m - an uncursed ring of resist corrosion
 o - an uncursed ring of flight
 K - a +4 ring of protection (left hand)
 N - an amulet of magic regeneration (around neck)
 T - an uncursed ring of positive energy
 Z - the ring of Gionluy {Ice rElec MP+9 Str+8}
   (You found it in a Gauntlet)

   [ring of ice]

   It enhances your ice magic.
   It affects your strength (+8).
   It makes you vulnerable to fire.
   It protects you from cold.
   It insulates you from electricity.
   It affects your magic capacity (+9).
Wands
 y - a wand of paralysis (29)
 E - a wand of flame (68)
 H - a wand of disintegration (37)
 M - a wand of iceblast (8)
 P - a wand of digging (2)
 U - a wand of acid (31)
Scrolls
 e - a scroll of enchant weapon
 i - 6 scrolls of magic mapping
 k - 4 scrolls of fog
 q - 2 scrolls of identify
 u - 4 scrolls of blinking
 z - 4 scrolls of teleportation
 S - 4 scrolls of remove curse
Potions
 a - a potion of agility
 b - 2 potions of lignification
 w - 2 potions of cancellation
 x - 2 potions of might
 B - 15 potions of curing
 G - 2 potions of flight
 I - 3 potions of ambrosia
 W - 4 potions of haste
Miscellaneous
 O - a lightning rod (4/4)
 Q - a phial of floods
Comestibles
 c - 35 rations


   Skills:
 + Level 7.1 Fighting
 + Level 5.7(6.1) Short Blades
 * Level 3.2(4.9) Long Blades
 + Level 5.4(5.6) Axes
 + Level 2.0(4.0) Polearms
 + Level 5.9 Armour
 + Level 6.7 Dodging
 - Level 4.0 Stealth
 * Level 15.3 Spellcasting
 + Level 4.6 Conjurations
 + Level 4.4 Hexes
 + Level 4.7 Charms
 + Level 4.2 Necromancy
 + Level 4.0 Translocations
 + Level 5.6 Fire Magic
 * Level 7.3 Ice Magic
 - Level 7.1 Air Magic
 + Level 8.5 Poison Magic
 * Level 1.1 Evocations


You had 5 spell levels left.
You knew the following spells:

 Your Spells              Type           Power        Failure   Level  Hunger
a - Ozocubu's Armour      Chrm/Ice       #####...     1%          3    None
b - Blink                 Tloc           N/A          1%          2    None
c - Mephitic Cloud        Conj/Pois/Air  #####...     1%          3    None
d - Magic Dart            Conj           ####         1%          1    None
e - Spectral Weapon       Hex/Chrm       #####...     1%          3    None
f - Conjure Flame         Conj/Fire      #####...     1%          3    None
g - Regeneration          Chrm/Necr      #####.....   1%          3    None
h - Airstrike             Air            #####.....   1%          4    None
i - Bolt of Fire          Conj/Fire      #####.....   19%         6    #####..
s - Song of Slaying       Chrm           #####...     1%          2    None
v - Poisonous Vapours     Pois/Air       ######       1%          2    None
x - Olgreb's Toxic Radia  Pois           ######..     1%          4    None
y - Sticky Flame          Conj/Fire      #####...     1%          4    None

Your spell library contained the following spells:

 Spells                   Type           Power        Failure   Level  Hunger
 Poison Arrow             Conj/Pois      #####.....   11%         6    #####..
 Confusing Touch          Hex            #####.       1%          1    None
 Corona                   Hex            #####..      1%          1    None
 Freeze                   Ice            ####         1%          1    None
 Infusion                 Chrm           ####         1%          1    None
 Sting                    Conj/Pois      ####         1%          1    None
 Ensorcelled Hibernation  Hex/Ice        #####.       1%          2    None
 Searing Ray              Conj           #####.       1%          2    None
 Shroud of Golubria       Chrm/Tloc      #####.       1%          2    None
 Slow                     Hex            #####...     1%          2    None
 Throw Frost              Conj/Ice       #####.       1%          2    None
 Confuse                  Hex            #####...     1%          3    None
 Dazzling Spray           Conj/Hex       #####.       1%          3    None
 Tukima's Dance           Hex            #####...     1%          3    None
 Force Lance              Conj/Tloc      #####...     1%          4    None
 Fulminant Prism          Conj/Hex       #####.....   1%          4    None
 Iskenderun's Mystic Bla  Conj           #####...     1%          4    None
 Throw Icicle             Conj/Ice       #####...     1%          4    None
 Gell's Gravitas          Tloc           ####......   2%          3    None
 Venom Bolt               Conj/Pois      #####.....   2%          5    ###....
 Summon Small Mammal      Summ           ###.         4%          1    None
 Summon Guardian Golem    Hex/Summ       ####....     4%          3    None
 Recall                   Summ/Tloc      N/A          5%          3    None
 Call Imp                 Summ           ###.....     6%          2    None
 Animate Dead             Necr           N/A          8%          4    None
 Summon Ice Beast         Ice/Summ       ####....     10%         4    None
 Summon Lightning Spire   Summ/Air       ####....     10%         4    None
 Metabolic Englaciation   Hex/Ice        #####.....   11%         5    ###....
 Call Canine Familiar     Summ           ###.....     13%         3    None
 Yara's Violent Unravell  Hex/Tmut       ####......   13%         5    ###....
 Petrify                  Tmut/Erth      ###.....     38%         4    None
 Borgnjor's Vile Clutch   Necr/Erth      ####......   43%         5    ###....
 Freezing Cloud           Conj/Ice/Air   #####.....   13%         6    #####..
 Simulacrum               Ice/Necr       #####.....   52%         6    #####..
 Death Channel            Necr           #####.....   75%         6    #####..
 Ring of Flames           Chrm/Fire      #####.....   99%         7    ######.


Dungeon Overview and Level Annotations

Branches:
Dungeon (13/15)            Temple (1/1) D:4            Lair (6/6) D:8
 Shoals (1/4) Lair:4        Snake (1/4) Lair:3        Slime (0/5) Lair:6
    Orc (2/2) D:11            Elf (1/3) Orc:2         Sewer (visited)
 Bailey (visited)         Gauntlet (visited)
 Vaults: D:13-14

Altars:
Ashenzari
Cheibriados
Dithmenos
Elyvilon
Fedhas
Gozag
Hepliaklqana
Kikubaaqudgha
Makhleb
Nemelex Xobeh
Okawaru
Qazlal
Ru
Sif Muna
Trog
Uskayaw
Vehumet
Wu Jian
Xom
Yredelemnul
Zin
The Shining One
Beogh
Jiyva

Shops:
D:6 *:   D:7 !   Orc:1 *   Orc:2 =(!

Portals:
Trove: D:10 (give +7 demon whip)

Annotations:
Lair:2 1 runed translucent door, Huxoxzufuz's ghost, journeyman GnFi
Orc:1 1 runed translucent door, ilikeclowns's ghost, journeyman MiBe


Innate Abilities, Weirdness & Mutations

You have razor-sharp teeth.
You heal very quickly.
When hurt, damage is shared between your health and your magic reserves.
Your bite disrupts and absorbs the magic of your enemies.
Potions cannot restore your health.
You are immune to rotting.
You have large cloven feet.
You are partially covered in rugged brown scales. (AC +1, +3% HP)
You are agile. (Dex +2)
You possess an exceptional clarity of mind.


Message History

Okay, then.
You hit the stone giant but do no damage.
You bite the stone giant. You drain its power.
You feel invigorated.
The stone giant is severely wounded.
The stone giant burns!
The stone giant hits you!!
* * * LOW HITPOINT WARNING * * *
Blink to where?
Press: ? - help, Dir - move target cursor, p - stone giant You are very lightly contaminated with residual magic.
As you read the scroll of blinking, it crumbles to dust.
Your icy armour cracks and falls away as you move.
You see here a vampire mosquito corpse.
Casting: Sticky Flame (safe; 1% risk of failure)
Confirm with . or Enter, or press ? or * to list all spells.
A film of ice covers your body!
The stone giant burns!
You are confused.
Your system rejects the healing.
You feel invigorated.
The stone giant burns!
The stone giant stops burning.
The stone giant throws a large rock.
The large rock hits you!!!
You die...

#.....≈≈≈≈##....
#....≈≈≈≈##...#
#....≈####...# .
#..).≈#.....C# #.
#...≈≈#.....#.##.#
#..........## )|#
#..........###DC
#...≈≈#.....#.#
#@...≈#.....C#
#.†..≈####...#
#....(≈≈≈##...#
#.....≈≈≈≈##....
##....≈≈≈≈≈#....
#.....≈≈≈≈#.....
#.....C≈≈≈#######
##......≈≈≈≈≈≈≈≈≈
#.....)(≈(≈≈≈≈≈≈


You could see a stone giant.

Vanquished Creatures
  4 orc warlords
  The ghost of Buiveh the Geomancer, a journeyman GrEE of Vehumet (Lair:6)
  A minotaur (Gauntlet)
  An ettin (D:12)
  An ogre mage (D:12)
  Harold (Orc:1)
  11 hydras
  3 anacondas (Snake:1)
  A centaur warrior (D:11)
  3 catoblepae (Lair:6)
  7 two-headed ogres
  4 orc high priests (Orc:2)
  A shock serpent (Snake:1)
  Nergalle (Lair:2)
  12 death yaks
  A naga ritualist (Snake:1)
  2 glowing orange brains (Gauntlet)
  5 orc sorcerers (Orc:2)
  7 orc knights
  An oklob plant (Gauntlet)
  A cyclops (D:11)
  2 manticores (Lair:6)
  A salamander (Snake:1)
  2 ugly things (Gauntlet)
  12 elephants (Lair:6)
  7 black mambas
  A naga mage (Snake:1)
  7 spiny frogs
  A torpor snail (Lair:4)
  A gargoyle (D:12)
  5 komodo dragons
  2 rime drakes
  9 trolls
  2 polar bears (Lair:5)
  Grinder (D:4)
  3 hornets
  16 blink frogs
  7 hippogriffs
  9 slime creatures
  Sigmund (D:4)
  A wraith (D:11)
  27 yaks
  3 wyverns
  Eustachio (D:4)
  A vampire mosquito (D:12)
  2 basilisks (Lair:6)
  6 hungry ghosts
  3 wargs (Orc:2)
  12 water moccasins
  2 acid dragons (Gauntlet)
  6 nagas
  A soldier ant (D:13)
  8 porcupines
  Duvessa (D:4)
  4 black bears
  4 ice beasts
  2 sky beasts
  54 orc warriors
  13 ogres
  4 phantoms
  A necrophage (D:6)
  5 wolves (Lair:4)
  2 centaurs (Lair:4)
  10 crocodiles
  3 big kobolds
  18 bullfrogs
  A wyvern skeleton (D:13)
  Dowan (D:4)
  5 scorpions
  A water moccasin skeleton (D:10)
  5 killer bees (D:10)
  13 wights
  3 vampire bats (D:8)
  2 howler monkeys
  An electric eel (D:12)
  3 centaur zombies
  5 crimson imps
  5 jellies
  4 bullfrog skeletons
  A bullfrog zombie (D:5)
  2 centaur skeletons
  36 orc priests
  10 hounds
  28 orc wizards
  2 iguanas
  4 worker ants
  A hell rat (D:8)
  2 hound zombies
  2 hound skeletons (D:4)
  2 howler monkey zombies
  A worker ant zombie (D:11)
  14 adders
  18 gnolls
  2 howler monkey skeletons
  2 shadow imps
  18 oozes
  3 adder skeletons
  An adder zombie (D:5)
  3 worms
  2 leopard geckos (D:6)
  138 orcs
  4 bat skeletons (D:8)
  2 bat zombies (D:8)
  6 giant cockroaches
  21 goblins
  20 hobgoblins
  15 jackals
  8 quokkas
  3 ball pythons
  7 bats
  7 frilled lizards
  22 kobolds
  A quokka skeleton (D:4)
  5 rats
  5 plants (Sewer)
819 creatures vanquished.

Vanquished Creatures (others)
  A slime creature (D:12)
  A scorpion (D:11)
  16 fungi
  13 plants
  2 spectral weapons (Lair:6)
33 creatures vanquished.

Grand Total: 852 creatures vanquished

Notes
Turn   | Place    | Note
-------+----------+-------------------------------------------
     0 | D:1      | Esekla the Vine Stalker Venom Mage began the quest for the
                  | Orb.
     0 | D:1      | Reached XP level 1. HP: 9/9 MP: 4/4
   255 | D:1      | Reached XP level 2. HP: 8/13 MP: 3/6
   491 | D:1      | Learned a level 2 spell: Poisonous Vapours
   770 | D:2      | Reached XP level 3. HP: 8/17 MP: 6/8
   777 | D:2      | Learned a level 3 spell: Mephitic Cloud
  1296 | D:2      | Found a hide-covered altar of Uskayaw.
  1296 | D:2      | Noticed a +0 hand axe
  1296 | D:2      | Noticed a -2 hand axe
  1519 | D:2      | Reached skill level 3 in Spellcasting
  1547 | D:3      | Gained mutation: You possess an exceptional clarity of
                  | mind. [potion of mutation]
  1547 | D:3      | Gained mutation: You have large cloven feet. [potion of
                  | mutation]
  1547 | D:3      | Gained mutation: You are agile. (Dex +2) [potion of
                  | mutation]
  1547 | D:3      | Gained mutation: You are partially covered in rugged brown
                  | scales. (AC +1, +3% HP) [potion of mutation]
  1626 | D:3      | Reached skill level 1 in Air Magic
  1731 | D:3      | Reached skill level 1 in Fighting
  1731 | D:3      | Gained mutation: Your natural rate of healing is unusually
                  | fast. [Vine Stalker growth]
  1731 | D:3      | Reached XP level 4. HP: 10/22 MP: 7/9
  1819 | D:3      | Found a glowing drain.
  1884 | Sewer    | Entered a sewer
  1918 | Sewer    | Reached XP level 5. HP: 25/25 MP: 8/11
  1931 | Sewer    | Learned a level 4 spell: Olgreb's Toxic Radiance
  4039 | D:4      | Noticed Dowan
  4055 | D:4      | Found a staircase to the Ecumenical Temple.
  4184 | Temple   | Entered the Ecumenical Temple
  4393 | D:4      | Reached skill level 4 in Spellcasting
  4393 | D:4      | Reached XP level 6. HP: 27/30 MP: 3/13
  4463 | D:4      | Noticed Sigmund
  4896 | D:4      | Killed Dowan
  4896 | D:4      | Reached skill level 5 in Spellcasting
  4896 | D:4      | Reached XP level 7. HP: 21/33 MP: 4/15
  4906 | D:4      | Noticed Duvessa
  4927 | D:4      | Killed Duvessa
  5017 | D:4      | Noticed Eustachio
  5024 | D:4      | Noticed Grinder
  5051 | D:5      | Entered Level 5 of the Dungeon
  5076 | D:5      | Reached skill level 1 in Short Blades
  5348 | D:5      | Gained mutation: You have razor-sharp teeth. [Vine Stalker
                  | growth]
  5348 | D:5      | Reached XP level 8. HP: 40/40 MP: 14/17
  5417 | D:5      | Reached skill level 6 in Spellcasting
  5472 | D:5      | Reached skill level 5 in Poison Magic
  6355 | D:6      | Found Soxi's Book Emporium.
  6368 | D:6      | Reached skill level 5 in Air Magic
  6429 | D:6      | Reached XP level 9. HP: 34/45 MP: 20/20
  6477 | D:6      | Found an iron altar of Okawaru.
  6477 | D:6      | Found a radiant altar of Vehumet.
  6479 | D:6      | Found a hazy altar of Hepliaklqana.
  6533 | D:6      | Reached skill level 7 in Spellcasting
  6546 | D:6      | Became a worshipper of Vehumet
  6873 | D:6      | Bought a book of Minor Magic for 260 gold pieces
  6876 | D:6      | Learned a level 2 spell: Blink
  6880 | D:6      | Learned a level 3 spell: Conjure Flame
  6882 | D:6      | Learned a level 1 spell: Magic Dart
  6909 | D:6      | Reached * piety under Vehumet
  6909 | D:6      | Offered knowledge of Shock by Vehumet.
  6916 | D:6      | Reached skill level 1 in Translocations
  7075 | D:6      | Found Hoydyij's Elemental Accessories.
  7201 | D:6      | Found a shattered altar of Ashenzari.
  7259 | D:7      | Reached skill level 1 in Fire Magic
  7271 | D:7      | Found Haejook's Distillery.
  7284 | D:7      | Bought a potion of degeneration for 15 gold pieces
  7539 | D:7      | Reached skill level 8 in Spellcasting
  7571 | D:7      | Got a steaming robe
  7623 | D:7      | Identified the cursed +1 robe of Hoci {Int+2} (You found it
                  | on level 7 of the Dungeon)
  7651 | D:6      | Found an opulent altar of Gozag.
  7742 | D:7      | Reached XP level 10. HP: 50/50 MP: 23/23
  7803 | D:7      | Reached ** piety under Vehumet
  7803 | D:7      | Offered knowledge of Throw Frost by Vehumet.
  8304 | D:4      | Killed Eustachio
  8347 | D:4      | Killed Sigmund
  8400 | D:4      | Killed Grinder
  8587 | D:8      | Got an iridescent hand axe
  8588 | D:8      | Identified the cursed +0 hand axe "Mun Cejy" {elec, rPois
                  | rN+ Stlth+} (You found it on level 8 of the Dungeon)
  8616 | D:8      | Found an ancient bone altar of Kikubaaqudgha.
  8731 | D:8      | Noticed a death yak
  8732 | D:8      | Noticed a death yak
  8736 | D:8      | Noticed a death yak
  8753 | D:8      | Killed a death yak
  8753 | D:8      | Reached skill level 1 in Long Blades
  8769 | D:8      | Killed a death yak
  8769 | D:8      | Reached skill level 1 in Polearms
  8769 | D:8      | Reached skill level 9 in Spellcasting
  8776 | D:8      | Killed a death yak
  8798 | D:8      | Found a staircase to the Lair.
  8799 | D:8      | Noticed a two-headed ogre
  8836 | D:8      | Killed a two-headed ogre
  8836 | D:8      | Offered knowledge of Inner Flame by Vehumet.
  8836 | D:8      | Reached XP level 11. HP: 29/55 MP: 11/25
  9219 | D:8      | Reached *** piety under Vehumet
  9557 | D:8      | Noticed a two-headed ogre
  9578 | D:8      | Killed a two-headed ogre
  9578 | D:8      | Reached skill level 10 in Spellcasting
  9590 | D:8      | Offered knowledge of Throw Icicle by Vehumet.
  9907 | D:9      | Found a basalt altar of Yredelemnul.
 10100 | D:9      | Found a glowing silver altar of Zin.
 10562 | D:10     | Entered Level 10 of the Dungeon
 10609 | D:10     | Reached **** piety under Vehumet
 10764 | D:10     | Offered knowledge of Airstrike by Vehumet.
 10770 | D:10     | Learned a level 4 spell: Airstrike
 10772 | D:10     | Found a portal to a secret trove of treasure.
 10984 | D:10     | Reached skill level 1 in Armour
 11791 | D:11     | Found a flagged portal.
 11793 | D:11     | Found a staircase to the Orcish Mines.
 11796 | D:11     | Got a fine hand axe
 11798 | D:11     | Got a smoking hand axe
 11807 | D:11     | Identified the +2 hand axe of the Sugar Beet {chop, rF+
                  | Int+2} (You found it on level 11 of the Dungeon)
 11809 | D:11     | Identified the +4 hand axe of the Moon {vamp, Str+3 Int+3
                  | Stlth+} (You found it on level 11 of the Dungeon)
 11814 | Bailey   | Entered a bailey
 11917 | Bailey   | Reached skill level 1 in Axes
 11966 | Bailey   | Noticed an orc knight
 11993 | Bailey   | Killed an orc knight
 12014 | Bailey   | Reached ***** piety under Vehumet
 12020 | Bailey   | Offered knowledge of Sticky Flame by Vehumet.
 12027 | Bailey   | Learned a level 4 spell: Sticky Flame
 12060 | Bailey   | Noticed an orc warlord
 12188 | Bailey   | HP: 1/55 [orc warlord/+0 battleaxe (24)]
 12225 | Bailey   | Killed an orc warlord
 12225 | Bailey   | Reached skill level 11 in Spellcasting
 12225 | Bailey   | Gained mutation: You heal very quickly. [Vine Stalker
                  | growth]
 12225 | Bailey   | Reached XP level 12. HP: 42/59 MP: 20/28
 12445 | Bailey   | Identified a scroll of acquirement
 12952 | D:11     | Noticed a centaur warrior
 12954 | D:11     | Noticed a two-headed ogre
 12959 | D:11     | Killed a two-headed ogre
 12984 | D:11     | Killed a centaur warrior
 13002 | D:11     | Reached skill level 5 in Fighting
 13456 | D:6      | Bought a book of Battle for 520 gold pieces
 13459 | D:6      | Learned a level 2 spell: Song of Slaying
 13463 | D:6      | Learned a level 3 spell: Regeneration
 13548 | Lair:1   | Entered Level 1 of the Lair of Beasts
 13755 | Lair:1   | Learned a level 3 spell: Ozocubu's Armour
 14246 | Lair:1   | Offered knowledge of Bolt of Fire by Vehumet.
 14336 | Lair:1   | Reached skill level 1 in Charms
 14566 | Orc:1    | Entered Level 1 of the Orcish Mines
 14614 | Orc:1    | Reached skill level 1 in Ice Magic
 14720 | Orc:1    | Found a runed translucent door.
 14724 | Orc:1    | Noticed ilikeclowns's ghost (journeyman MiBe)
 15089 | Lair:2   | Found a runed translucent door.
 15092 | Lair:2   | Noticed Huxoxzufuz's ghost (journeyman GnFi)
 15096 | Lair:2   | Identified the +8 trident of the Evening {antimagic, *Rage
                  | Str-3 Int+7}
 15096 | Lair:2   | Noticed a spriggan rider
 15118 | Lair:2   | Noticed an eight-headed hydra
 15138 | Lair:2   | Killed an eight-headed hydra
 15138 | Lair:2   | Reached skill level 12 in Spellcasting
 15173 | Lair:2   | You fall into a shaft and drop 2 floors!
 15191 | Lair:4   | Noticed a death yak
 15233 | Lair:3   | Reached skill level 1 in Necromancy
 15283 | Lair:4   | Found a gate leading to a gauntlet.
 15291 | Gauntlet | Entered a Gauntlet
 15291 | Gauntlet | Found a transporter.
 15320 | Gauntlet | Found a transporter.
 15322 | Gauntlet | Found a transporter.
 15346 | Gauntlet | Found a transporter.
 15358 | Gauntlet | Found a runed translucent gate.
 15358 | Gauntlet | Found a runed translucent gate.
 15361 | Gauntlet | Found a runed translucent gate.
 15361 | Gauntlet | Found a transporter.
 15363 | Gauntlet | Found a transporter.
 15374 | Gauntlet | Found a transporter.
 15374 | Gauntlet | Noticed a catoblepas
 15387 | Gauntlet | Found a transporter.
 15391 | Gauntlet | Noticed an entropy weaver
 15397 | Gauntlet | Noticed a cacodemon
 15400 | Gauntlet | Found a transporter.
 15410 | Gauntlet | Found a transporter.
 15427 | Gauntlet | Found a transporter.
 15433 | Gauntlet | Found a transporter.
 15507 | Gauntlet | Found a transporter.
 15530 | Gauntlet | Found a transporter.
 15690 | Gauntlet | Reached XP level 13. HP: 64/64 MP: 30/30
 15944 | Gauntlet | Reached skill level 5 in Dodging
 15944 | Gauntlet | Reached XP level 14. HP: 6/72 MP: 3/31
 15986 | Gauntlet | Got a faintly glowing rapier
 15992 | Gauntlet | Got a fine granite ring
 15995 | Gauntlet | Identified the ring of Gionluy {Ice rElec MP+9 Str+8} (You
                  | found it in a Gauntlet)
 15998 | Gauntlet | Identified the +10 rapier of Cata Eke {venom, rElec rPois
                  | Int+5 Dex-2} (You found it in a Gauntlet)
 16099 | Gauntlet | Reached skill level 13 in Spellcasting
 16446 | Lair:2   | Noticed Nergalle
 16473 | Lair:2   | Killed Nergalle
 17298 | Lair:3   | Learned a level 3 spell: Spectral Weapon
 17651 | Lair:3   | Found a staircase to the Snake Pit.
 18635 | Lair:4   | Found a staircase to the Shoals.
 19669 | Lair:5   | Learned a level 6 spell: Bolt of Fire
 19724 | Lair:5   | Reached skill level 5 in Fire Magic
 20238 | Orc:2    | Entered Level 2 of the Orcish Mines
 20391 | Orc:2    | Reached skill level 1 in Hexes
 20696 | Orc:1    | Found Zoko's General Store.
 20696 | Orc:1    | Noticed Harold
 20696 | Orc:1    | Noticed an orc warlord
 20783 | Orc:2    | Found a roughly hewn altar of Beogh.
 20915 | Orc:2    | Found Niviwn's Jewellery Emporium.
 20971 | Orc:2    | Found Osaetas's Weapon Shoppe.
 20989 | Orc:2    | Reached skill level 14 in Spellcasting
 21048 | Orc:2    | Noticed an orc warlord
 21080 | Orc:2    | Killed an orc warlord
 21080 | Orc:2    | Reached XP level 15. HP: 25/76 MP: 17/34
 21197 | Orc:2    | Offered knowledge of Irradiate by Vehumet.
 21487 | Orc:2    | Found a staircase to the Elven Halls.
 21651 | Orc:2    | Reached skill level 5 in Short Blades
 21817 | Orc:2    | Noticed an orc warlord
 21844 | Orc:2    | Killed an orc warlord
 21844 | Orc:2    | Reached skill level 5 in Ice Magic
 22009 | Orc:2    | Found Xibal's Distillery.
 22067 | Orc:2    | Found Faguroz's Jewellery Shoppe.
 22110 | Orc:2    | Found a roughly hewn altar of Beogh.
 22714 | Elf:1    | Entered Level 1 of the Elven Halls
 22846 | Orc:2    | Offered knowledge of Conjure Ball Lightning by Vehumet.
 22935 | Orc:2    | Killed an orc warlord
 23117 | Orc:1    | Killed Harold
 23277 | Orc:2    | Bought the ring of Dishonour {rPois rN+ MP+9 SInv} for 977
                  | gold pieces
 23562 | Shoals:1 | Entered Level 1 of the Shoals
 23613 | Snake:1  | Entered Level 1 of the Snake Pit
 23746 | Snake:1  | Reached skill level 5 in Armour
 23988 | Lair:6   | Entered Level 6 of the Lair of Beasts
 24775 | Lair:6   | Reached skill level 15 in Spellcasting
 24801 | Lair:6   | Found a runed translucent gate.
 24801 | Lair:6   | Found a runed translucent gate.
 24803 | Lair:6   | Found a runed translucent gate.
 24804 | Lair:6   | Noticed Buiveh's ghost (journeyman GrEE)
 24859 | Lair:6   | Found a staircase to the Slime Pits.
 24859 | Lair:6   | Found a viscous altar of Jiyva.
 25072 | Lair:6   | Reached ****** piety under Vehumet
 25072 | Lair:6   | Reached XP level 16. HP: 74/81 MP: 36/36
 25095 | Lair:6   | Reached skill level 5 in Axes
 25206 | Lair:6   | Offered knowledge of Poison Arrow by Vehumet.
 25719 | Lair:6   | Killed Buiveh's ghost
 27029 | D:12     | Found a sacrificial altar of Ru.
 27323 | D:12     | Noticed a tengu reaver
 27482 | D:12     | Reached skill level 1 in Evocations
 27496 | D:12     | HP: 1/82 [stone giant (18)]
 27501 | D:12     | Hit by a large rock thrown by a stone giant

Levels and vault maps discovered:
D:1:      dpeg_arrival_rhombi, layout_rooms, st_stairs_12
D:2:      layout_rooms, dancing_weapons_uskayaw, first_ration
D:3:      layout_basic, portal_sewer_entry_a
D:4:      layout_basic, temple_pool_b, uniq_grinder, uniq_duvessa, uniq_sigmund,
          uniq_eustachio
D:5:      layout_basic, item_on_display_a
D:6:      lemuel_slime, layout_rooms, lemuel_round_altar,
          gammafunk_temple_overflow_claw, cheibrodos_ashenzari_chains,
          serial_shops, nicolae_shop_competitors_out_of_business,
          nicolae_elemental_shop, hangedman_decor_riveting
D:7:      layout_gridville, serial_shops, nicolae_shop_crystal
D:8:      layout_basic, kennysheep_vampire_church, dpeg_lair_monsters
D:9:      layout_irregular_city, overflow_temple_1_default,
          nicolae_overflow_hidden_temple
D:10:     layout_layer_cave, nicolae_trove_entry_crossroad
D:11:     minmay_the_grid_plus [minmay_the_grid_embedded, minmay_the_grid_paths,
          minmay_the_grid_box_x, minmay_the_grid_holed_spiral,
          minmay_the_grid_prize_four_corners], layout_gridville, orc_0_dummy,
          enter_bailey_2
D:12:     cross_vault, layout_cave_pools, blue_anna_alchemist
          [blue_anna_fruit_fields, blue_anna_fruit_fields],
          nicolae_ru_the_path_less_chosen
D:13:     layout_loops_ring, st_stairs_3
Temple:   nicolae_temple_figure_eight
Lair:1:   layout_concentric_octagons, st_stairs_5
Lair:2:   layout_hall_layers, ebering_ghost_funeral_grove,
          serial_bayou_lagoon_a, st_stairs_11, uniq_nergalle
Lair:3:   layout_cave_pods, guppyfry_snake_entry_garden
Lair:4:   layout_cave_pods, minmay_shoals_entry_centaurs,
          gauntlet_entry_generic, minivault_25, serial_bayou_shore_b
Lair:5:   layout_cave_pods, serial_bayou_shore_b
Lair:6:   evilmike_catoblepas_cave, layout_regular_city, slime_altar_1,
          gammafunk_ghost_hydra_chop
Shoals:1: layout_shoals
Snake:1:  nicolae_snake_nest, layout_onion_interference, serial_shops, shop
Orc:1:    layout_caves, ebering_ghost_reflecting_pool, serial_shops,
          nicolae_shop_waterfront, uniq_harold
Orc:2:    pubby_orc_utopia
Elf:1:    eino_elf_arrival_customs, layout_geoelf_diagonals, basic_altar,
          serial_shops, shop, minmay_elf_annihilation, uniq_nikola, uniq_jorgrun

Skill      XL: |  1  2  3  4  5  6  7  8  9 10 11 12 13 14 15 16 |
---------------+-------------------------------------------------+-----
Spellcasting   | 3 4 5 6 8 9 11 12 14 15 | 15.3
Air Magic      | 1 2 3 5 6 7 |  7.1
Fighting       | 1 2 3 4 5 6 7 |  7.1
Poison Magic   | 4 5 6 7 8 |  8.5
Short Blades   | 1 2 3 4 5 |  5.7
Dodging        | 2 3 4 5 6 |  6.7
Translocations | 2 3 4 |  4.0
Fire Magic     | 1 3 4 5 |  5.6
Long Blades    | 2 3 |  3.2
Polearms       | 1 2 |  2.0
Conjurations   | 2 3 4 |  4.6
Armour         | 2 3 4 5 |  5.9
Axes           | 2 4 5 |  5.4
Charms         | 1 2 4 |  4.7
Ice Magic      | 2 4 6 7 |  7.3
Stealth        | 3 4 |  4.0
Necromancy     | 1 2 4 |  4.2
Hexes          | 2 4 |  4.4
Evocations     | 1 |  1.1

Action                   |  1- 3 |  4- 6 |  7- 9 | 10-12 | 13-15 | 16-18 || total
-------------------------+-------+-------+-------+-------+-------+-------++-------
Melee: Spear             |    42 |       |       |   160 |    34 |     2 ||   238
       Bite              |    15 |   241 |   162 |   179 |   199 |    96 ||   892
       Dagger            |    26 |   635 |   460 |   192 |       |       ||  1313
       Long sword        |       |       |    14 |    50 |     4 |       ||    68
       Hand axe          |       |       |       |   217 |   220 |    86 ||   523
       Short sword       |       |       |       |    89 |     2 |       ||    91
       Rapier            |       |       |       |       |   238 |   107 ||   345
       Falchion          |       |       |       |       |    70 |    70 ||   140
Throw: Javelin           |       |     1 |       |       |     1 |     1 ||     3
       Boomerang         |       |       |    18 |    42 |    29 |    11 ||   100
       Dart              |       |       |       |     5 |    39 |     2 ||    46
 Cast: Sting             |     9 |       |       |       |       |       ||     9
       Poisonous Vapours |    24 |    70 |   102 |   186 |   139 |    34 ||   555
       Mephitic Cloud    |       |       |    11 |    32 |    32 |     7 ||    82
       Magic Dart        |       |       |    11 |    39 |       |       ||    50
       Blink             |       |       |     1 |    16 |    16 |     3 ||    36
       Conjure Flame     |       |       |       |    30 |    11 |     7 ||    48
       Airstrike         |       |       |       |     6 |     2 |     3 ||    11
       Sticky Flame      |       |       |       |    21 |   183 |    27 ||   231
       Ozocubu's Armour  |       |       |       |     4 |    65 |    19 ||    88
       Olgreb's Toxic Ra |       |       |       |     1 |     2 |       ||     3
       Regeneration      |       |       |       |       |    18 |     9 ||    27
       Bolt of Fire      |       |       |       |       |     2 |       ||     2
       Spectral Weapon   |       |       |       |       |     2 |     2 ||     4
  Use: Scroll            |     7 |     2 |     7 |    19 |     7 |     4 ||    46
       Potion            |     1 |     2 |       |     4 |    13 |     3 ||    23
 Stab: Sleeping          |     1 |     5 |     2 |     6 |    10 |     4 ||    28
       Confused          |       |       |     2 |    23 |    13 |     5 ||    43
       Distracted        |       |       |       |       |     2 |     1 ||     3
  Eat: Ration            |     1 |     2 |     1 |       |     2 |     1 ||     7
       Chunk             |       |     7 |     8 |    26 |    26 |     5 ||    72
Armor: Robe              |    18 |    24 |   127 |    63 |       |       ||   232
       Troll leather arm |       |       |       |   117 |   465 |   187 ||   769
Dodge: Dodged            |    45 |    39 |   285 |   394 |   826 |   268 ||  1857
       Rpst.: Long sword |       |       |     6 |    19 |     5 |       ||    30
       Falchion          |       |       |       |       |    38 |     7 ||    45
